 Dungeon Crawl Stone Soup version 0.21.1-1-g345015f (webtiles) character file.

118 troglodite the Skirmisher (level 4, -7/37 HPs)
             Began as a Demonspawn Berserker on May 2, 2018.
             Was a Believer of Trog.
             Mangled by an ogre
             ... wielding a +0 giant club
              (20 damage)
             ... on level 3 of the Dungeon.
             The game lasted 00:09:26 (1933 turns).

troglodite the Skirmisher (Demonspawn Berserker)    Turns: 1933, Time: 00:09:26

Health: -7/37      AC: 12    Str: 18    XL:     4   Next: 72%
Magic:  4/4        EV:  8    Int:  8    God:    Trog [**....]
Gold:   46         SH:  0    Dex: 13    Spells: 3/3 levels left

rFire    . . .     SeeInvis .   a - +0 falchion
rCold    . . .     Gourm    .   (no shield)
rNeg     . . .     Faith    .   h - +0 chain mail
rPois    .         Spirit   .   (no helmet)
rElec    .         Reflect  .   (no cloak)
rCorr    .         Harm     .   i - +0 pair of gloves
MR       .....                  (no boots)
Stlth    ..........             (no amulet)
HPRegen  0.12/turn              (no ring)
MPRegen  0.09/turn              (no ring)

@: berserk cooldown, slowed, very slow
A: thin metallic scales 1
a: Berserk, Trog's Hand, Burn Spellbooks, Renounce Religion


You were on level 3 of the Dungeon.
You worshipped Trog.
Trog was pleased with you.
You were very hungry.

You visited 1 branch of the dungeon, and saw 3 of its levels.

You collected 46 gold pieces.

Inventory:

Hand Weapons
 a - a +0 falchion (weapon)
Armour
 h - a +0 chain mail (worn)
 i - a +0 pair of gloves (worn)
Jewellery
 n - an uncursed amulet of regeneration {unknown}
Scrolls
 k - 3 scrolls of identify {unknown}
 l - a scroll of magic mapping {unknown}
 m - 3 scrolls of teleportation {unknown}
 o - a scroll of enchant armour {unknown}
Potions
 b - 3 potions of curing {unknown}
 d - a potion of agility {unknown}
 e - a potion of heal wounds {unknown}
 f - a potion of degeneration {unknown}
 g - a potion of brilliance {unknown}
 p - a potion of berserk rage {unknown}
Comestibles
 c - 5 rations


   Skills:
 * Level 3.7 Fighting
 + Level 3.4 Long Blades
 * Level 3.0 Armour
 * Level 2.3 Dodging


You had 3 spell levels left.
You didn't know any spells.

Dungeon Overview and Level Annotations

Branches:
Dungeon (3/15)

Altars:
Nemelex Xobeh

Annotations:
D:3 Robin


Innate Abilities, Weirdness & Mutations

You are partially covered in thin metallic scales. (AC +2)


Message History

You closely miss the hobgoblin.
The hobgoblin hits you but does no damage.
You hit the hobgoblin.
The hobgoblin is severely wounded.
Robin hits you but does no damage.
You hit the hobgoblin.
You kill the hobgoblin!
Trog accepts your kill.
A hobgoblin comes into view. It is wielding a club.
You are no longer berserk.
You are exhausted.
You feel yourself slow down. Robin hits you but does no damage.
Things that are here:
a club; a stone You hit Robin.
Robin is moderately wounded.
The ogre hits you with a giant club! Robin hits you with a trident.
The ogre hits you with a giant club!!
Ouch! That really hurt!
You die...

.# #### .# ..# .#
# ###.##.#####
... #.g).......#
....#gg@†......##
....g.O)........>
....#....<.....#
... #..........#
( ###.###+####
#.# #.# #.# #.#


You could see an ogre, Robin, 2 hobgoblins and a goblin.

Vanquished Creatures
  3 gnolls (D:2)
  2 adders (D:2)
  2 oozes
  A worm (D:2)
  2 dart slugs (D:1)
  3 leopard geckos (D:1)
  2 bats (D:2)
  4 giant cockroaches (D:2)
  6 hobgoblins
  8 kobolds
  A frilled lizard (D:1)
  12 goblins
  6 rats
52 creatures vanquished.

Notes
Turn   | Place    | Note
-------+----------+-------------------------------------------
     0 | D:1      | troglodite the Demonspawn Berserker began the quest for the Orb.
     0 | D:1      | Reached XP level 1. HP: 18/18 MP: 1/1
   182 | D:1      | Gained mutation: You are partially covered in thin metallic scales. (AC +2) [demonic ancestry]
   182 | D:1      | Reached XP level 2. HP: 24/24 MP: 2/2
   911 | D:1      | Reached XP level 3. HP: 29/29 MP: 3/3
  1277 | D:2      | Reached XP level 4. HP: 35/36 MP: 4/4
  1435 | D:2      | Reached ** piety under Trog
  1545 | D:2      | Found a sparkling altar of Nemelex Xobeh.
  1914 | D:3      | Noticed Robin
  1924 | D:3      | Noticed an ogre
  1933 | D:3      | Mangled by an ogre

Skill      XL: |  1  2  3  4 |
---------------+-------------+-----
Armour         | 2 3 |  3.0
Dodging        | 2 |  2.3
Long Blades    | 3 |  3.4
Fighting       | |  3.7

Action                   |  1- 3 |  4- 6 || total
-------------------------+-------+-------++-------
Melee: Falchion          |   107 |    54 ||   161
Invok: Berserk           |     2 |     1 ||     3
  Eat: Chunk             |     4 |     1 ||     5
Armor: Scale mail        |     6 |       ||     6
       Chain mail        |    71 |    39 ||   110
Dodge: Dodged            |    53 |    24 ||    77
       Rpst.: Falchion   |    15 |    12 ||    27
